 Dungeon Crawl Stone Soup version 0.31-a0-237-g2d982f9f85 (webtiles) character file.

Game seed: 16834354154653541872

65 qw the Shooter (level 3, 0/29 HPs)
             Began as a Minotaur Hexslinger on July 11, 2023.
             Slain by an iguana (2 damage)
             ... on level 3 of the Dungeon.
             The game lasted 00:00:36 (1352 turns).

qw the Shooter (Minotaur Hexslinger)                Turns: 1352, Time: 00:00:37

Health: 0/29       AC:  3    Str: 12    XL:     3   Next: 92%
Magic:  3/3        EV: 12    Int: 10    God:
Gold:   97         SH:  0    Dex: 14    Spells: 3/4 levels left

rFire   . . .        Y - +3 sling
rCold   . . .        (no shield)
rNeg    . . .        f - +0 leather armour
rPois   .            (helmet restricted)
rElec   .            (no cloak)
rCorr   .            (no gloves)
SInv    .            (no boots)
Will    .....        (no amulet)
Stlth   +            (no ring)
HPRegen 0.24/turn    (no ring)
MPRegen 0.08/turn

%: no passive effects
@: about to teleport
A: horns 2, retaliatory headbutt
a: no special abilities


You were on level 3 of the Dungeon.
You visited 1 branch of the dungeon, and saw 3 of its levels.

You collected 97 gold pieces.


Innate Abilities, Weirdness & Mutations

You have a pair of horns on your head.
You reflexively headbutt those who attack you in melee.


   Skills:
 - Level 2.0 Fighting
 + Level 4.4 Ranged Weapons
 - Level 2.1 Dodging
 - Level 1.0 Spellcasting
 - Level 2.0 Hexes


You had 3 spell levels left.
You knew the following spells:

 Your Spells              Type           Power      Damage    Failure   Level
a - Slow                  Hex            16%        N/A       19%         1

Your spell library contained the following spells:

 Spells                   Type           Power      Damage    Failure   Level
 Inner Flame              Hex/Fire       2%         N/A       65%         3
 Portal Projectile        Hex/Tloc       4%         N/A       65%         3
 Cause Fear               Hex            2%         N/A       88%         4

Inventory:

Hand Weapons
 Y - a +3 sling (weapon)
Armour
 f - a +0 leather armour (worn)
Scrolls
 b - a scroll of identify
Potions
 a - a potion of brilliance {unknown}
 e - a potion of heal wounds
 i - a potion of resistance {unknown}

Dungeon Overview and Level Annotations

Branches:
Dungeon (3/15)

Altars:
Kikubaaqudgha


Message History

There is a stone staircase leading down here.
You climb downwards.
There is a stone staircase leading up here.
Waypoint 2 assigned to D:3.
An iguana comes into view.
The iguana hisses angrily.
You shoot a sling bullet.
The sling bullet closely misses the iguana.
A quokka comes into view.
You shoot a sling bullet. The sling bullet hits the iguana.
The iguana is moderately wounded.
You shoot a sling bullet. The sling bullet hits the iguana.
The iguana is moderately wounded.
You shoot a sling bullet. The sling bullet hits the iguana.
The iguana is heavily wounded.
You shoot a sling bullet.
The sling bullet hits the iguana but does no damage.
The iguana is heavily wounded.
The iguana bites you!
You shoot a sling bullet. The sling bullet hits the iguana.
The iguana is severely wounded.
The iguana barely misses you. You furiously retaliate!
You headbutt the iguana, but do no damage.
You shoot a sling bullet.
The sling bullet hits the iguana but does no damage.
The iguana is severely wounded.
The iguana bites you.
You shoot a sling bullet. The sling bullet hits the iguana.
The iguana is severely wounded.
The iguana bites you.
You shoot a sling bullet.
The sling bullet closely misses the iguana.
The sling bullet hits the quokka.
The quokka is moderately wounded.
The iguana bites you!
1352 ||| READING scroll of teleportation.
As you read the scroll of teleportation, it crumbles to dust.
You feel strangely unstable. The iguana bites you.
You die...

###
#<#
#.#
#@#
#l#
#r#
..#
..#
...+
...#
.....


You could see an iguana and a quokka.

Vanquished Creatures
  An adder (D:2)
  A worm (D:2)
  A dart slug (D:1)
  4 ball pythons
  5 bats
  5 endoplasms
  8 hobgoblins
  2 jackals (D:1)
  A quokka (D:1)
  2 frilled lizards (D:2)
  5 goblins
  5 kobolds
  7 rats
47 creatures vanquished.

Notes
Turn   | Place    | Note
-------+----------+-------------------------------------------
     0 | D:1      | qw the Minotaur Hexslinger began the quest for the Orb.
     0 | D:1      | Reached XP level 1. HP: 16/16 MP: 1/1
     0 | D:1      | 0 ||| qw: Version: 0.3-a-52-g30416fa
     0 | D:1      | 0 ||| qw: Game counter: 5519
     0 | D:1      | 0 ||| qw: Melee chars always use a shield: true
     0 | D:1      | 0 ||| qw: God list: Okawaru
     0 | D:1      | 0 ||| qw: Allow faded altars: false
     0 | D:1      | 0 ||| qw: Do Orc after clearing Dungeon:15 true
     0 | D:1      | 0 ||| qw: Do second Lair branch before Depths: true
     0 | D:1      | 0 ||| qw: Lair rune preference: random
     0 | D:1      | 0 ||| qw: Goals: Normal
     0 | D:1      | 0 ||| PLANNING D:1-11
    50 | D:1      | Reached skill level 3 in Ranged Weapons
    53 | D:1      | Reached XP level 2. HP: 23/23 MP: 2/2
   280 | D:1      | Reached XP level 3. HP: 28/29 MP: 3/3
   400 | D:1      | Found a faded altar of an unknown god.
   759 | D:1      | 759 ||| UPGRADING to +0 leather armour.
   769 | D:1      | 769 ||| DROPPING +0 robe.
   770 | D:1      | 770 ||| READING scroll labelled JASEEFALAA.
   775 | D:1      | 775 ||| READING scroll labelled KEATOO SUXECW.
   776 | D:1      | 776 ||| READING scroll labelled FAPLEJ QIKA.
   777 | D:1      | 777 ||| DRINKING 2 viscous ruby potions.
   778 | D:1      | 778 ||| DROPPING scroll of poison.
   792 | D:2      | Found an ancient bone altar of Kikubaaqudgha.
   847 | D:2      | Reached skill level 4 in Ranged Weapons
   848 | D:2      | 848 ||| FLEEEEING.
   849 | D:2      | 849 ||| FLEEEEING.
   851 | D:2      | 851 ||| FLEEEEING.
   852 | D:2      | 852 ||| FLEEEEING.
   853 | D:2      | 853 ||| FLEEEEING.
   854 | D:2      | 854 ||| FLEEEEING.
   855 | D:2      | 855 ||| FLEEEEING.
   856 | D:2      | 856 ||| FLEEEEING.
   857 | D:2      | 857 ||| FLEEEEING.
   858 | D:2      | 858 ||| FLEEEEING.
   859 | D:2      | 859 ||| FLEEEEING.
  1307 | D:2      | 1307 ||| READING 2 scrolls labelled OCSUARIUTU.
  1308 | D:2      | 1308 ||| READING 2 scrolls labelled SEENWA ZAPOOLE.
  1309 | D:2      | 1309 ||| READING scroll of enchant weapon.
  1309 | D:2      | 1309 ||| ENCHANTING +2 sling.
  1351 | D:3      | HP: 1/29 [iguana (11)]
  1352 | D:3      | 1352 ||| READING scroll of teleportation.
  1352 | D:3      | Slain by an iguana

Levels and vault maps discovered:
D:1:      dpeg_arrival_rooms_a, layout_basic,
          shapermc_ecumenical_altar_mp_urbaneastern
D:2:      layout_basic, basic_altar, kennysheep_generic_room_2
D:3:      layout_basic, mainiacjoe_overflow_small_starburst

Skill      XL: |  1  2  3 |
---------------+----------+-----
Ranged Weapons | 3 4 |  4.4
Fighting       | 2 |  2.0
Dodging        | |  2.1
Spellcasting   | |  1.0
Hexes          | |  2.0

Action                     || total
---------------------------++-------
   Fire: Sling             ||   124
    Use: Scroll            ||     7
         Potion            ||     1
 Armour: Robe              ||     5
  Dodge: Dodged            ||    18

Table legend:
 A = Non-vault XP
 B = Vault XP
 C = Vault XP percentage of total XP
 D = Non-vault monster count
 E = Vault monster count
 F = Vault count percentage of total count
                 A         B        C        D         E       F
            +---------+---------+-------+---------+---------+-------
      Total |      85 |       8 |   8.6 |      44 |       3 |   6.4
            +---------+---------+-------+---------+---------+-------
        D:1 |      50 |       0 |   0.0 |      30 |       0 |   0.0
        D:2 |      35 |       8 |  18.6 |      14 |       3 |  17.6
            +---------+---------+-------+---------+---------+-------
